 Dungeon Crawl Stone Soup version 0.26.1-11-gd32895ea62 (webtiles) character file.

Game seed: 5048599988318636971

93 vvl the Insei (level 4, -3/29 HPs)
             Began as an Octopode Transmuter on July 14, 2021.
             Slain by a gnoll
             ... wielding a +0 spear
              (10 damage)
             ... on level 2 of the Dungeon.
             The game lasted 00:03:13 (2476 turns).

vvl the Insei (Octopode Transmuter)                 Turns: 2476, Time: 00:03:13

Health: -3/29      AC:  1    Str: 10    XL:     4   Next: 61%
Magic:  6/7        EV: 13    Int: 15    God:
Gold:   89         SH:  0    Dex: 12    Spells: 7/8 levels left

rFire    . . .     SeeInvis .     - Unarmed
rCold    . . .     Faith    .   (no shield)
rNeg     . . .     Spirit   .   (helmet currently unavailable)
rPois    .         Reflect  .   (no amulet)
rElec    .         Harm     .   (no ring)
rCorr    .         Rampage  .   (no ring)
Will     .....                  (no ring)
Stlth    ++........             (no ring)
HPRegen  0.09/turn              (no ring)
MPRegen  0.10/turn              (no ring)
                                (no ring)
                                (no ring)

@: appendages
A: almost no armour, stealthy swim, amphibious, 8 rings, constrict 8, tentacle
spike 3, camouflage 1, gelatinous body 1
a: End Transformation


You were on level 2 of the Dungeon.
One of your tentacles had a temporary spike.
You visited 1 branch of the dungeon, and saw 2 of its levels.

You collected 89 gold pieces.

Inventory:

Scrolls
 a - 3 scrolls of identify {unknown}
Potions
 b - a potion of mutation {unknown}
 c - a potion of berserk rage {unknown}
 d - 2 potions of ambrosia {unknown}
 e - a potion of flight {unknown}


   Skills:
 + Level 2.0 Fighting
 - Level 2.0 Dodging
 + Level 3.5 Unarmed Combat
 + Level 2.6 Spellcasting
 * Level 3.3 Transmutations


You had 7 spell levels left.
You knew the following spells:

 Your Spells              Type           Power        Failure   Level
a - Beastly Appendage     Tmut           22%          5%          1

Your spell library contained the following spells:

 Spells                   Type           Power        Failure   Level
 Wereblood                Tmut           11%          9%          2
 Spider Form              Tmut/Pois      3%           32%         3
 Ice Form                 Ice/Tmut       6%           71%         4
 Blade Hands              Tmut           5%           83%         5


Dungeon Overview and Level Annotations

Branches:
Dungeon (2/15)

Altars:


Innate Abilities, Weirdness & Mutations

You cannot wear most types of armour.
You are very stealthy in the water. (Stealth+)
You are amphibious.
You can wear up to eight rings at the same time.
You can use your tentacles to constrict eight enemies at once.
Your skin changes colour to match your surroundings (Stealth+).
Your rubbery body absorbs attacks. (AC +1, EV +1)
One of your tentacles bears a large vicious spike.


Message History

You see here a +0 short sword.
One of your tentacles grows a vicious spike.
The gnoll hits you from afar with a +0 spear!
The gnoll misses you. x2
You tentacle-slap the gnoll but do no damage.
You grab the gnoll.
You pierce the gnoll.
The gnoll is heavily wounded.
You constrict the gnoll, but do no damage.
The gnoll barely misses you. The gnoll hits you with a +0 spear.
You tentacle-slap the gnoll.
The gnoll is heavily wounded.
You constrict the gnoll, but do no damage.
The gnoll hits you from afar with a +0 spear.
* * * LOW HITPOINT WARNING * * *
The gnoll closely misses you.
You barely miss the gnoll.
The gnoll is heavily wounded.
You constrict the gnoll.
The gnoll hits you from afar with a +0 spear!
You die...

#.# #.#....# ..
#)######.#....##
#...<..#.#.....
.######.####.#.####.##
........####.#.####)# #
.######g#...........##..>
#.#.##.#.#.........
#.#.##.#.#...###...
#gg@...#...†.......
###.#.#.####.####...
#..###..####.# # #.##
##......###
#..###..##.....#
#.#.#.#.##.....#
#.##.##.##.....#
#.#####.##....)# #..
..##.....#


You could see 2 gnolls.

Vanquished Creatures
  A hound (D:2)
  A gnoll (D:2)
  An adder (D:2)
  3 dart slugs
  A leopard gecko (D:1)
  7 bats
  A giant cockroach (D:1)
  2 hobgoblins (D:1)
  3 jackals (D:1)
  3 frilled lizards
  6 goblins
  4 kobolds
  7 rats
40 creatures vanquished.

Notes
Turn   | Place    | Note
-------+----------+-------------------------------------------
     0 | D:1      | vvl the Octopode Transmuter began the quest for the Orb.
     0 | D:1      | Reached XP level 1. HP: 13/13 MP: 3/3
   298 | D:1      | Reached XP level 2. HP: 18/18 MP: 5/5
   887 | D:1      | Reached XP level 3. HP: 22/23 MP: 4/6
  2206 | D:2      | Reached XP level 4. HP: 24/29 MP: 7/7
  2476 | D:2      | Slain by a gnoll

Illustrated notes

Levels and vault maps discovered:
D:1:      dpeg_cavernosity, layout_loops_cross
D:2:      layout_loops_cross, lemuel_coloured_pillars_altar,
          general_overflow_altar, uniq_terence

Skill      XL: |  1  2  3  4 |
---------------+-------------+-----
Transmutations | 3 |  3.3
Fighting       | 2 |  2.0
Dodging        | |  2.0
Unarmed Combat | |  3.5
Spellcasting   | |  2.6

Action                   |  1- 3 |  4- 6 || total
-------------------------+-------+-------++-------
Melee: Unarmed           |    85 |    13 ||    98
       Constrict         |    20 |     4 ||    24
       Tentacles         |    17 |     4 ||    21
       Kick              |     6 |     2 ||     8
 Cast: Beastly Appendage |    11 |     2 ||    13
 Stab: Sleeping          |     6 |       ||     6
Armor: Skin              |    16 |       ||    16
Dodge: Dodged            |    70 |     7 ||    77
